 Dungeon Crawl Stone Soup version 0.29.0 (webtiles) character file.

Game seed: 16071835779276810654

54 gelatine the Insei (level 3, -10/28 HPs)
             Began as a Demigod Transmuter on Aug 25, 2022.
             Mangled by Sigmund
             ... wielding a +0 scythe
              (11 damage)
             ... on level 2 of the Dungeon.
             The game lasted 00:02:56 (990 turns).

gelatine the Insei (Demigod Transmuter)              Turns: 990, Time: 00:02:56

Health: -10/28     AC:  2    Str: 11    XL:     3   Next: 44%
Magic:  7/8        EV: 12    Int: 19    God:
Gold:   82         SH:  0    Dex: 14    Spells: 3/6 levels left

rFire   . . .      SeeInvis .     - Unarmed
rCold   . . .      Faith    .   (no shield)
rNeg    . . .      Spirit   .   a - +0 robe
rPois   .          Reflect  .   (helmet currently unavailable)
rElec   .          Harm     .   (no cloak)
rCorr   .          Rampage  .   (no gloves)
Will    .....                   (boots currently unavailable)
Stlth   +.........              (no amulet)
HPRegen 0.09/turn               (no ring)
MPRegen 0.11/turn               (no ring)

@: appendages (expiring), wereblooded
A: horns 2, talons 2, high MP 1, forlorn, divine attributes
a: End Transformation


You were on level 2 of the Dungeon.
You had temporarily grown beastly horns and talons.
You visited 1 branch of the dungeon, and saw 2 of its levels.

You collected 82 gold pieces.

Inventory:

Hand Weapons
 d - a +0 dagger of holy wrath
 f - a +1 short sword of speed
Armour
 a - a +0 robe (worn)
Scrolls
 c - a scroll of fog {unknown}
 e - 3 scrolls of identify {unknown}
 g - a scroll of immolation {unknown}
Potions
 b - a potion of lignification
 h - a potion of invisibility {unknown}


   Skills:
 + Level 1.0 Fighting
 + Level 2.1 Dodging
 + Level 0.2 Stealth
 + Level 3.3 Unarmed Combat
 + Level 2.2 Spellcasting
 + Level 2.3 Transmutations


You had 3 spell levels left.
You knew the following spells:

 Your Spells              Type           Power      Damage    Failure   Level
a - Beastly Appendage     Tmut           22%        N/A       6%          1
b - Wereblood             Tmut           11%        N/A       10%         2

Your spell library contained the following spells:

 Spells                   Type           Power      Damage    Failure   Level
 Slow                     Hex            8%         N/A       17%         1
 Spider Form              Tmut/Pois      6%         N/A       30%         3
 Confusing Touch          Hex            2%         N/A       45%         3
 Vampiric Draining        Necr           2%         2d6       45%         3
 Ice Form                 Ice/Tmut       6%         N/A       71%         4


Dungeon Overview and Level Annotations

Branches:
Dungeon (2/15)

Annotations:
D:2 Sigmund


Innate Abilities, Weirdness & Mutations

You have temporarily grown beastly horns and talons.
You have an increased reservoir of magic. (+10% MP)
You shall have no god before yourself.
Your divine heritage dramatically boosts your attributes as you level up.


Message History

A jackal comes into view.
You hit the jackal.
You feel a bit better.
You kill the jackal!
The bat barely misses you. x2
You completely miss the bat. Your headbutt misses the bat.
The bat is moderately wounded.
The bat hits you but does no damage.
Sigmund mumbles some strange words.
Sigmund flickers and vanishes!
Deactivating autopickup; reactivate with Ctrl-A.
You hit the bat. Your kick misses the bat. Your headbutt misses the bat.
The bat is heavily wounded.
The bat misses you.
You hit the bat.
You kill the bat!
Your transformation is almost over.
The jackal misses you. Something hits you!
You hit the jackal.
You feel a bit better.
You kill the jackal!
You howl as the wereblood boils in your veins!
The jackal bites you.
An endoplasm comes into view.
You hit the jackal but do no damage. You headbutt the jackal.
You feel a bit better.
You kill the jackal!
The jackal barely misses you. Something hits you! The jackal bites you.
Your Fighting skill increases to level 1!
The jackal closely misses you.
You hear some strange, mumbled words.
A puff of flame appears from out of thin air!
The puff of flame hits you!
* * * LOW HITPOINT WARNING * * *
You see here a jackal corpse.
You miss something. Your kick misses something. The jackal barely misses you.
You hit the jackal. You claw the jackal.
The jackal is almost dead.
The jackal bites you.
* * * LOW HITPOINT WARNING * * *
Something hits you!
You die...

#..# #..# ..#
..### #J#.. .
#†#.# #.. . #.#.#
#.... ...
###.#.#......
.....#..†.@{......
.......<..h.###...
...#.#......# ..
#......# ##
.......##
.>......#
.....##### ..##.
#.. #.


You could see a jackal.

Vanquished Creatures
  An adder (D:2)
  2 dart slugs (D:1)
  4 endoplasms (D:1)
  A giant cockroach (D:1)
  5 goblins (D:1)
  4 hobgoblins (D:1)
  7 jackals
  3 kobolds (D:1)
  2 ball pythons (D:1)
  4 bats
  A frilled lizard (D:1)
  A rat (D:1)
35 creatures vanquished.

Vanquished Creatures (others)
  7 demonic plants (D:1)
  A fungus (D:1)
  6 plants (D:1)
  4 withered plants (D:1)
18 creatures vanquished.

Grand Total: 53 creatures vanquished

Notes
Turn   | Place    | Note
-------+----------+-------------------------------------------
     0 | D:1      | gelatine the Demigod Transmuter began the quest for the
                  | Orb.
     0 | D:1      | Reached XP level 1. HP: 15/15 MP: 5/5
    25 | D:1      | Reached skill level 3 in Unarmed Combat
   143 | D:1      | Reached XP level 2. HP: 20/22 MP: 5/7
   256 | D:1      | Learned a level 2 spell: Wereblood
   720 | D:1      | Reached XP level 3. HP: 22/27 MP: 5/8
   971 | D:2      | Noticed Sigmund
   988 | D:2      | Reached skill level 1 in Fighting
   990 | D:2      | HP: 1/28 [jackal (1)]
   990 | D:2      | Mangled by Sigmund

Illustrated notes

Levels and vault maps discovered:
D:1:      nicolae_arrival_memento_mori, layout_rooms,
          shapermc_ecumenical_altar_gd, st_stairs_1, minmay_vboxes
D:2:      layout_rooms, uniq_sigmund, uniq_terence

Skill      XL: |  1  2  3 |
---------------+----------+-----
Unarmed Combat | 3 |  3.3
Transmutations | 2 |  2.3
Dodging        | 2 |  2.1
Spellcasting   | 2 |  2.2
Fighting       | 1 |  1.0
Stealth        | |  0.2

Action                   || total
-------------------------++-------
Melee: Unarmed           ||    67
       Kick              ||    18
       Headbutt          ||     8
       Punch             ||     1
 Cast: Beastly Appendage ||    13
       Wereblood         ||     4
Armor: Robe              ||     9
Dodge: Dodged            ||    44
